 Dungeon Crawl Stone Soup version 0.19.0-9-gfd783f2 (webtiles) character file.

83 dobroeutro the Cudgeler (level 4, -2/28 HPs)
             Began as a Gargoyle Fighter on Nov 7, 2016.
             Killed by nerve-wracking pain
             ... invoked by Grinder
              (5 damage)
             ... on level 3 of the Dungeon.
             The game lasted 00:01:32 (1752 turns).

dobroeutro the Cudgeler (Gargoyle Fighter)          Turns: 1752, Time: 00:01:33

Health: -2/28      AC: 10    Str: 21    XL:     4   Next: 44%
Magic:  4/4        EV:  7    Int:  8    God:
Gold:   128        SH:  9    Dex:  9    Spells: 0 memorised, 3 levels left

rFire  . . .     SeeInvis .     a - +0 flail
rCold  . . .     Gourm    .     b - +0 scale mail
rNeg   + . .     Faith    .     c - +0 shield
rPois  ∞         Spirit   .     (no helmet)
rElec  +         Reflect  .     (no cloak)
rCorr  .         Harm     .     (no gloves)
MR     .....                    (no boots)
Stlth  ..........               (no amulet)
                                (no ring)
                                (no ring)

@: no status effects
A: negative energy resistance 1, electricity resistance, unbreathing,
petrification resistance, rot immunity, AC +3
a: no special abilities


You were on level 3 of the Dungeon.
You were not hungry.

You visited 1 branch of the dungeon, and saw 3 of its levels.

You collected 128 gold pieces.

Inventory:

Hand Weapons
 a - a +0 flail (weapon)
Armour
 b - a +0 scale mail (worn)
 c - a +0 shield (worn)
Scrolls
 e - a scroll of identify {unknown}
 j - 3 scrolls of amnesia {unknown}
 k - 4 scrolls of teleportation {unknown}
 n - 2 scrolls of remove curse {unknown}
 o - a scroll of recharging {unknown}
 s - a scroll of enchant armour {unknown}
 t - a scroll of fog {unknown}
Potions
 d - a potion of might
 i - a potion of degeneration {unknown}
 l - a potion of berserk rage {unknown}
 m - a potion of cure mutation {unknown}
 q - a potion of curing {unknown}
Comestibles
 f - 2 bread rations
 g - a meat ration
 h - a royal jelly
 p - a beef jerky


   Skills:
 - Level 3.2 Fighting
 + Level 4.5 Maces & Flails
 - Level 3.2 Armour
 - Level 3.2 Shields


You had 3 spell levels left.
You didn't know any spells.

Dungeon Overview and Level Annotations

Branches:
Dungeon (3/15)

Altars:
Elyvilon

Annotations:
D:3 Grinder


Innate Abilities, Weirdness & Mutations

You are resistant to torment.
Your stone body is resilient. (AC +3)
You are immune to poison.
You resist negative energy. (rN+)
You are resistant to electric shocks. (rElec)
You can survive without breathing.
You are immune to petrification.
You are immune to rotting.


Message History

Grinder is heavily wounded.
Grinder gestures at you. Pain shoots through your body!
* * * LOW HITPOINT WARNING * * *
Grinder hits you but does no damage.
You are too injured to fight recklessly!
Unknown command.
You are too injured to fight recklessly!
Unknown command.
You are too injured to fight recklessly!
Unknown command.
You are too injured to fight recklessly!
Unknown command.
You barely miss Grinder.
Grinder is heavily wounded.
Grinder blinks!
You block the bat's attack. The bat barely misses you. Grinder gestures at you.
Pain shoots through your body!
You die...

# #(... #
###+## # ###
### # #.. .. ##
. #?#..
.####.... ##.#.
....'.... ...
.####.... #b#
..# . #@# #.#
#.# #.# #†# #.#
#+# #.# #.# #.#
#5######
..#######.#
#......#
##........##
######.#
##.#####...##
#.#
##.####.....###
#.#


You could see Grinder and a bat.

Vanquished Creatures
  An adder (D:2)
  An ooze (D:3)
  2 worms (D:2)
  2 leopard geckos
  3 ball pythons
  2 giant cockroaches
  11 goblins
  9 hobgoblins
  4 jackals (D:3)
  6 kobolds
  A quokka (D:2)
  6 bats
  5 frilled lizards
  4 rats
57 creatures vanquished.

Notes
Turn   | Place    | Note
-------+----------+-------------------------------------------
     0 | D:1      | dobroeutro the Gargoyle Fighter began the quest for the Orb.
     0 | D:1      | Reached XP level 1. HP: 14/14 MP: 1/1
   149 | D:1      | Reached XP level 2. HP: 15/19 MP: 2/2
   168 | D:1      | Reached skill level 3 in Maces & Flails
   558 | D:1      | Reached XP level 3. HP: 23/23 MP: 3/3
  1068 | D:2      | Found a white marble altar of Elyvilon.
  1089 | D:2      | Reached skill level 4 in Maces & Flails
  1265 | D:2      | Reached XP level 4. HP: 28/28 MP: 4/4
  1736 | D:3      | Noticed Grinder
  1752 | D:3      | Killed from afar by Grinder

Skill      XL: |  1  2  3 |
---------------+----------+-----
Maces & Flails | 3 4 |  4.5
Fighting       | |  3.2
Armour         | |  3.2
Shields        | |  3.2

Action                   |  1- 3 |  4- 6 || total
-------------------------+-------+-------++-------
Melee: Flail             |   142 |    70 ||   212
  Eat: Chunk             |     1 |     2 ||     3
Armor: Scale mail        |    78 |    35 ||   113
Dodge: Dodged            |    43 |    20 ||    63
Block: Shield            |    78 |    30 ||   108
